 Dungeon Crawl Stone Soup version 0.19-a0-994-g3c636f0 (webtiles) character file.

1409 Kurtz the Cleaver (level 8, -3/58 HPs)
             Began as a Mummy Berserker on July 16, 2016.
             Was a Priest of Trog.
             Slain by a killer bee (6 damage)
             ... on level 7 of the Dungeon.
             The game lasted 00:10:25 (6822 turns).

Kurtz the Cleaver (Mummy Berserker)                 Turns: 6822, Time: 00:10:26

Health: -3/58      AC: 10    Str: 21    XL:     8   Next: 42%
Magic:  8/8        EV:  8    Int:  6    God:    Trog [***...]
Gold:   320        SH:  0    Dex: 13    Spells: 0 memorised, 7 levels left

rFire  x . .     SeeInvis .     w - +0 broad axe
rCold  + . .     Gourm    .     q - +0 chain mail
rNeg   + + +     Faith    .     (no shield)
rPois  ∞         Spirit   .     (no helmet)
rElec  .         Dismiss  .     i - +1 cloak
rCorr  .         Reflect  .     (no gloves)
SustAt .         Harm     .     (no boots)
MR     ++...                    (no amulet)
Stlth  ..........               (no ring)
                                r - ring of protection from magic

@: very resistant to hostile enchantments, extremely unstealthy
A: no food or potions, fire vulnerability, cold resistance 1, negative energy
resistance 3, torment resistance, unbreathing
a: Trog's Hand, Burn Spellbooks, Renounce Religion


You were on level 7 of the Dungeon.
You worshipped Trog.
Trog was most pleased with you.
You were not hungry.

You visited 1 branch of the dungeon, and saw 7 of its levels.

You collected 320 gold pieces.

Inventory:

Hand Weapons
 a - a +0 hand axe
 t - the +3 hand axe "Demonbane" {chop, +Rage rElec}
   (You found it on level 4 of the Dungeon)

   It inflicts extra damage upon your enemies.
   It insulates you from electricity.
   It lets you go berserk.
 v - a +0 war axe
 w - a +0 broad axe (weapon)
Missiles
 d - 8 curare-tipped needles
 g - 7 needles of sleeping
 h - 24 poisoned needles
 l - a poisoned javelin (quivered)
 o - 4 tomahawks of returning
Armour
 b - a +0 animal skin
 i - a +1 cloak (worn)
 m - a +0 ring mail
 p - a +0 leather armour of cold resistance
 q - a +0 chain mail (worn)
Jewellery
 r - a ring of protection from magic (left hand)
Wands
 u - a wand of iceblast (12/15)
Scrolls
 c - 2 scrolls of random uselessness
 e - a scroll of recharging
 f - a scroll of acquirement {unknown}
 j - 2 scrolls of fear
 k - 2 scrolls of amnesia
 n - 2 scrolls of fog
 x - a scroll of identify


   Skills:
 - Level 3.0 Fighting
 * Level 9.1 Axes
 - Level 1.5 Armour
 - Level 1.5 Dodging


You had 7 spell levels left.
You didn't know any spells.

Dungeon Overview and Level Annotations

Branches:
Dungeon (7/15)             Temple (0/1) D:6

Altars:
Makhleb
Pakellas
Ru
The Shining One

Annotations:
D:7 strelek's ghost, novice VSMo


Innate Abilities, Weirdness & Mutations

You do not eat or drink.
Your flesh is vulnerable to fire.
You are immune to poison.
Your flesh is cold resistant. (rC+)
You are immune to negative energy. (rN+++)
You are immune to unholy pain and torment.
You can survive without breathing.


Message History

You are too injured to fight recklessly!
You are too injured to fight recklessly!
You are too injured to fight recklessly!
You barely miss the killer bee. The killer bee completely misses you.
The killer bee stings you.
* * * LOW HITPOINT WARNING * * *
You slash the killer bee!
The killer bee is severely wounded.
Your surroundings suddenly seem different.
Your ogre goes berserk!
You can no longer call in reinforcements.
The killer bee barely misses you. The killer bee stings you.
* * * LOW HITPOINT WARNING * * *
Your ogre misses the killer bee. You miss the killer bee.
The killer bee is moderately wounded.
The killer bee stings you but does no damage.
The killer bee stings you.
You die...

.... #.... .....(...
####..... #....!....
#........ #.........
......... #........#
#........ #........#
#........ #........#
#@....# ##........#
#y....#
..........####+#.O...#
..................##..#
........##.......## ..#
........####....## ..
........## #....# .
.....#...# #....#
#...###..# ##...#####


You could see a killer bee and a friendly ogre (berserk).

Vanquished Creatures
  Grinder (D:3)
  Sigmund (D:3)
  2 phantoms (D:5)
  A sky beast (D:5)
  2 giant frogs (D:6)
  A killer bee (D:7)
  A giant frog zombie (D:5)
  2 orc priests
  A hound (D:4)
  A giant frog skeleton (D:6)
  5 orc wizards
  3 worker ants
  4 gnolls
  12 adders
  An ooze (D:3)
  6 worms
  3 dart slugs
  20 orcs
  A ball python (D:1)
  5 bats
  7 giant cockroaches
  7 goblins
  13 hobgoblins
  19 jackals
  3 kobolds
  A quokka (D:3)
  6 giant newts
  A jackal skeleton (D:6)
  A jackal zombie (D:5)
  A quokka zombie (D:5)
  3 rats
135 creatures vanquished.

Notes
Turn   | Place    | Note
-------+----------+-------------------------------------------
     0 | D:1      | Kurtz the Mummy Berserker began the quest for the Orb.
     0 | D:1      | Reached XP level 1. HP: 18/18 MP: 1/1
   246 | D:1      | Reached XP level 2. HP: 24/24 MP: 2/2
   269 | D:1      | Reached skill level 3 in Axes
   910 | D:2      | Reached XP level 3. HP: 21/29 MP: 3/3
  1197 | D:2      | Reached ** piety under Trog
  1351 | D:2      | Reached skill level 4 in Axes
  1365 | D:2      | Reached XP level 4. HP: 19/35 MP: 4/4
  2373 | D:3      | Noticed Sigmund
  2392 | D:3      | Killed Sigmund
  2392 | D:3      | Reached skill level 5 in Axes
  2392 | D:3      | Reached XP level 5. HP: 20/41 MP: 5/5
  2392 | D:3      | Reached XP level 6. HP: 23/47 MP: 6/6
  2914 | D:3      | Reached *** piety under Trog
  3120 | D:3      | Reached skill level 6 in Axes
  3128 | D:3      | Noticed Grinder
  3151 | D:3      | Killed Grinder
  3151 | D:3      | Reached XP level 7. HP: 34/52 MP: 7/7
  3275 | D:3      | Found an oddly glowing altar of Pakellas.
  3706 | D:4      | Found a sacrificial altar of Ru.
  3904 | D:4      | Reached skill level 7 in Axes
  3930 | D:4      | Got an encrusted hand axe
  3931 | D:4      | Identified the cursed +3 hand axe "Demonbane" {chop, +Rage rElec} (You found it on level 4 of the Dungeon)
  4028 | D:4      | Found a burning altar of Makhleb.
  4378 | D:5      | Entered Level 5 of the Dungeon
  4843 | D:5      | Reached skill level 8 in Axes
  5425 | D:5      | Reached XP level 8. HP: 48/58 MP: 8/8
  6060 | D:6      | Found a staircase to the Ecumenical Temple.
  6083 | D:6      | Received a gift from Trog
  6159 | D:6      | Found a glowing golden altar of the Shining One.
  6188 | D:6      | Reached **** piety under Trog
  6323 | D:6      | Reached skill level 9 in Axes
  6805 | D:7      | HP: 2/58 [killer bee (6)]
  6809 | D:7      | Noticed strelek's ghost (novice VSMo)
  6821 | D:7      | HP: 2/58 [killer bee (3)]
  6822 | D:7      | Slain by a killer bee

Vault maps used:
D:1:      nicolae_arrival_memento_mori, minmay_tree_intersection
D:2:      minmay_door_path
D:3:      grunt_pakellas_basics, uniq_grinder, uniq_sigmund
D:4:      lightli_temple_of_fire, nicolae_ru_path_of_blood, grunt_ministairs_3
D:5:      first_bread, sigmund_army
D:6:      nicolae_tso_carved_into_rock, nrook_uturn
D:7:      the_bakery

Skill      XL: |  1  2  3  4  5  6  7  8 |
---------------+-------------------------+-----
Axes           | 3 4 5 6 8 9 |  9.1
Fighting       | |  3.0
Armour         | |  1.5
Dodging        | |  1.5

Action                   |  1- 3 |  4- 6 |  7- 9 || total
-------------------------+-------+-------+-------++-------
Melee: Hand axe          |    76 |   205 |   189 ||   470
       Broad axe         |       |       |   108 ||   108
Throw: Javelin           |       |       |     2 ||     2
Invok: Trog's Hand       |       |     3 |     2 ||     5
       Brothers in Arms  |       |       |     1 ||     1
  Use: Scroll            |       |       |    11 ||    11
 Stab: Sleeping          |     1 |       |       ||     1
Armor: Animal skin       |    12 |     3 |       ||    15
       Ring mail         |       |    60 |       ||    60
       Chain mail        |       |     9 |   178 ||   187
       Leather armour    |       |       |     6 ||     6
Dodge: Dodged            |    54 |   100 |   136 ||   290
